 Dungeon Crawl Stone Soup version 0.31.0-4-g52a2dc7128 (webtiles) character file.

Game seed: 7278684921988467336

37 zenocrate the Sneak (level 3, 0/25 HPs)
             Began as a Vine Stalker Enchanter on Jan 23, 2024.
             Succumbed to an adder's poison
             ... on level 2 of the Dungeon.
             The game lasted 00:00:44 (834 turns).

zenocrate the Sneak (Vine Stalker Enchanter)         Turns: 834, Time: 00:00:44

Health: 0/25       AC:  2    Str: 10    XL:     3   Next: 41%
Magic:  0/7        EV: 12    Int: 15    God:
Gold:   67         SH:  0    Dex: 16    Spells: 1/6 levels left

rFire   . . .        a - +1 dagger
rCold   . . .        (no shield)
rNeg    . . .        b - +0 robe
rPois   .            (no helmet)
rElec   .            (no cloak)
rCorr   .            (no gloves)
SInv    .            (no boots)
Will    .....        (no amulet) Stlth
                     (no ring)
HPRegen 1.04/turn    (no ring)
MPRegen 0.10/turn

%: guardian spirit
@: berserking, lethally poisoned (0 -> -4), very quick
A: fangs 2, regeneration 1, magic shield, antimagic bite, no potion heal 2
a: no special abilities


You were on level 2 of the Dungeon.
You visited 1 branch of the dungeon, and saw 2 of its levels.

You collected 67 gold pieces.

Inventory:

Hand Weapons
 a - a +1 dagger (weapon)
Armour
 b - a +0 robe (worn)
Scrolls
 e - a scroll of revelation {unknown}
 f - a scroll of enchant armour {unknown}
 h - a scroll of identify {unknown}
 i - a scroll of vulnerability {unknown}
Potions
 c - 2 potions of invisibility
 d - a potion of berserk rage
 g - a potion of curing {unknown}


   Skills:
 + Level 0.4 Fighting
 + Level 1.4 Short Blades
 + Level 2.0 Dodging
 + Level 4.0 Stealth
 - Level 2.1 Spellcasting
 + Level 3.3 Hexes
 + Level 0.4 Ice Magic


You had one spell level left.
You knew the following spells:

 Your Spells              Type           Power      Damage    Failure   Level
a - Ensorcelled Hibernat  Hex/Ice        14%        N/A       16%         2
b - Confusing Touch       Hex            11%        N/A       17%         3

Your spell library contained the following spells:

 Spells                   Type           Power      Damage    Failure   Level
 Tukima's Dance           Hex            11%        N/A       17%         3
 Dazzling Flash           Conj/Hex       12%        N/A       32%         3


Dungeon Overview and Level Annotations

Branches:
Dungeon (2/15)

Altars:


Innate Abilities, Weirdness & Mutations

You have extremely sharp teeth.
Your natural rate of healing is unusually fast.
When hurt, damage is shared between your health and your magic reserves.
Your bite disrupts and absorbs the magic of your enemies.
Potions cannot restore your health.


Message History

The adder poisons you! The adder misses you.
An adder is nearby!
You closely miss the adder.
The adder is lightly wounded.
You feel sick. The adder misses you.
You completely miss the adder. Your bite misses the adder.
The adder is lightly wounded.
You feel sick. The adder bites you.
You are more poisoned.
The adder poisons you!
Your magical contamination has completely faded away.
You hit the adder.
The adder is heavily wounded.
* * * LOW HITPOINT WARNING * * *
You feel very sick. The adder bites you but does no damage.
You barely miss the adder. Your bite misses the adder.
The adder is heavily wounded.
You feel sick. The adder misses you.
Unknown command.
You closely miss the adder. Your bite misses the adder.
The adder is heavily wounded.
You feel sick. The adder bites you.
* * * LOW HITPOINT WARNING * * *
You are lethally poisoned!
The adder poisons you! The adder bites you but does no damage.
Unknown command.
Unknown command.
It was a potion of berserk rage.
A red film seems to cover your vision as you go berserk!
You feel yourself moving faster!
You feel mighty!
* * * LOW HITPOINT WARNING * * *
You feel very sick. The adder bites you.
* * * LOW HITPOINT WARNING * * *
You are more poisoned.
The adder poisons you!
You barely miss the adder. Your bite misses the adder.
The adder is heavily wounded.
You die...

#...$ ..... ....
#....# #... . #....#
#.. .. #....###..
... #........###....
## ##.#.....S....##?
..
###.......#@.......
.#
##....#.#..#.######.
.## #...#.(.#..#.#
..# #.....#....#.#
..# #....###...#.##
..###...## ##.....#
........# #.....#
..####### #.....#
..# #.....#


You could see an adder.

Vanquished Creatures
  A gnoll (D:1)
  An adder (D:2)
  A ball python (D:1)
  2 endoplasms (D:2)
  A giant cockroach (D:1)
  A goblin (D:1)
  2 hobgoblins (D:2)
  3 quokkas (D:1)
  A frilled lizard (D:1)
  4 rats (D:1)
17 creatures vanquished.

Notes
Turn   | Place    | Note
-------+----------+-------------------------------------------
     0 | D:1      | zenocrate the Vine Stalker Enchanter began the quest for
                  | the Orb.
     0 | D:1      | Reached XP level 1. HP: 9/9 MP: 4/4
    16 | D:1      | Reached skill level 1 in Short Blades
    69 | D:1      | Reached XP level 2. HP: 3/13 MP: 1/6
   277 | D:1      | Reached skill level 4 in Stealth
   310 | D:1      | Learned a level 2 spell: Ensorcelled Hibernation
   774 | D:2      | Reached XP level 3. HP: 16/16 MP: 7/7
   778 | D:2      | Learned a level 3 spell: Confusing Touch
   833 | D:2      | HP: 1/25 [adder (1)]
   834 | D:2      | Succumbed to an adder's poison

Illustrated notes

Levels and vault maps discovered:
D:1:      minmay_arrival_radiant_lines, layout_basic
D:2:      layout_rooms, serial_shops, nicolae_shop_trees, minmay_pentomino_o2,
          uniq_sigmund

Skill      XL: |  1  2  3 |
---------------+----------+-----
Short Blades   | 1 |  1.4
Stealth        | 4 |  4.0
Dodging        | 2 |  2.0
Fighting       | |  0.4
Spellcasting   | |  2.1
Hexes          | |  3.3
Ice Magic      | |  0.4

Action                     || total
---------------------------++-------
  Melee: Dagger            ||    52
         Bite              ||    10
   Cast: Ensorcelled Hiber ||     2
    Use: Potion            ||     1
   Stab: Sleeping          ||     7
 Armour: Robe              ||    20
  Dodge: Dodged            ||    23
